Kradschützen Motorcycle Team
Selects Italian Combined Arms Battlegroup
Selects Bersaglieri Squad
Construct Light Support Kompanie
le.IG 18 Support Gun Team
Selects Vehicle Support - Secure Location
Selects Vehicle Support - Force Recon
Construct Panzerarmee Kommand
Selects Semovente da 75/18 Assault Gun
Selects Carro Armato M13/40 Light Tank
Walking Stuka Rocket Launcher
Pak 38 Anti-tank Gun Team
Construct Mechanized Kompanie
18-tonne Recovery Half-track